 Dungeon Crawl Stone Soup version 0.18-a0-1799-g6250cb2 (webtiles) character file.

123 Ijustatesigmund the Chucker (level 4, 0/44 HPs)
             Began as a Troll Hunter on Apr 23, 2016.
             Killed from afar by an orc wizard (9 damage)
             ... with a puff of flame
             ... on level 3 of the Dungeon.
             The game lasted 00:04:13 (1634 turns).

Ijustatesigmund the Chucker (Troll Hunter)          Turns: 1634, Time: 00:04:14

Health: 0/44       AC:  5    Str: 20    XL:     4   Next: 79%
Magic:  3/3        EV:  9    Int:  7    God:
Gold:   195        SH:  0    Dex: 11    Spells: 0 memorised, 3 levels left

rFire  . . .     SeeInvis .       - Unarmed
rCold  . . .     Gourm    +     b - +0 robe
rNeg   + . .     Faith    .     (no shield)
rPois  .         Spirit   .     (helmet restricted)
rElec  .         Dismiss  .     (no cloak)
rCorr  .         Reflect  .     (gloves unavailable)
SustAt .         Harm     .     (boots unavailable)
MR     .....                    (no amulet)
Stlth  +.........               n - ring of positive energy
                                e - ring of flight

@: drained, not resistant to hostile enchantments, very unstealthy
A: unfitting armour, claws 3, fast metabolism 3, gourmand, regeneration 2,
shaggy fur 1, tough skin 2
a: Evoke Flight


You were on level 3 of the Dungeon.
You were completely stuffed.

You visited 1 branch of the dungeon, and saw 3 of its levels.

You collected 195 gold pieces.

Inventory:

Missiles
 c - 5 large rocks (quivered)
 d - 2 throwing nets
Armour
 b - a +0 robe (worn)
Jewellery
 e - a ring of flight (left claw)
 n - a ring of positive energy (right claw)
Scrolls
 g - 3 scrolls of teleportation
 i - a scroll of blinking {unknown}
 m - 2 scrolls of fog {unknown}
Potions
 h - 4 potions of curing
 k - a potion of ambrosia {unknown}
Comestibles
 a - 2 meat rations
 f - 3 bread rations
 j - 2 slices of pizza
 l - 6 fruits


   Skills:
 + Level 2.8(2.1) Fighting
 - Level 3.6(2.8) Throwing
 - Level 1.5(0.8) Dodging
 - Level 0.4(0.0) Stealth
 * Level 3.4(2.7) Unarmed Combat


You had 3 spell levels left.
You didn't know any spells.

Dungeon Overview and Level Annotations

Branches:
Dungeon (3/15)

Altars:
Cheibriados
Kikubaaqudgha
Xom


Innate Abilities, Weirdness & Mutations

You are too large for most types of armour.
You have claws for hands.
Your metabolism is lightning-fast.
You like to eat raw meat.
You heal very quickly.
You are covered in fur (AC +1).
You have very tough skin (AC +2).


Message History

The orc is heavily wounded.
The orc wizard miscasts a cantrip.
The orc hits you with a dagger.
You scratch the orc.
You kill the orc!
The orc hits you but does no damage.
You are electrocuted!
You barely miss the orc wizard.
The orc priest invokes the aid of Beogh against you.
Beogh smites you!
* * * LOW HITPOINT WARNING * * *
The orc hits you with a whip of electrocution.
* * * LOW HITPOINT WARNING * * *
The orc wizard barely misses you.
Drink which item? (? for menu, Esc to quit)
You feel better.
The orc wizard hits you but does no damage.
The orc hits you but does no damage.
The orc wizard points at you and mumbles some strange words.
The puff of flame hits you!
You die...

##### #.# ## ##...##
#.# ##.
#####..#..#####.####..
#.....###.(........†.#
#.##### ###..†.......#
#.# #..........#
#.#####+####........##
#.##.#o..# ##.......#
#....@oo$+ ##......#
####.#o..# #.......#
####+## #........#
)........#


You could see an orc priest, an orc wizard and 2 orcs.

Vanquished Creatures
  2 adders (D:2)
  An ooze (D:1)
  5 worms
  4 dart slugs
  4 giant geckos
  2 orcs (D:3)
  6 giant cockroaches
  11 goblins
  4 hobgoblins
  7 jackals (D:2)
  8 kobolds
  A quokka (D:3)
  7 bats
  A giant newt (D:2)
  4 rats
67 creatures vanquished.

Notes
Turn   | Place    | Note
--------------------------------------------------------------
     0 | D:1      | Ijustatesigmund the Troll Hunter began the quest for the Orb.
     0 | D:1      | Reached XP level 1. HP: 19/19 MP: 0/0
    11 | D:1      | Noticed a merfolk zombie
    14 | D:1      | Noticed a merfolk zombie
    17 | D:1      | Noticed a minotaur zombie
    71 | D:1      | Reached skill level 1 in Unarmed Combat
   119 | D:1      | Reached XP level 2. HP: 28/28 MP: 1/1
   515 | D:1      | Reached XP level 3. HP: 35/35 MP: 2/2
   832 | D:2      | Found an ancient bone altar of Kikubaaqudgha.
   840 | D:2      | Found a shimmering altar of Xom.
   851 | D:2      | Reached XP level 4. HP: 37/44 MP: 3/3
   859 | D:2      | Found a snail-covered altar of Cheibriados.
  1634 | D:3      | Killed from afar by an orc wizard

Vault maps used:
D:1:      shiori_arrival_whats_in_store_for_you
D:2:      gammafunk_temple_overflow_forgotten, grunt_ministairs_4,
          kennysheep_generic_room_15
D:3:      grunt_temple_overflow_diamond, first_bread

Skill      XL: |  1  2  3  4 |
---------------+-------------+-----
Unarmed Combat | 1 2 3 |  3.4
Fighting       | 2 |  2.8
Throwing       | |  3.6
Dodging        | |  1.5
Stealth        | |  0.4

Action                   |  1- 3 |  4- 6 || total
-------------------------+-------+-------++-------
Melee: Unarmed           |   109 |    77 ||   186
  Use: Scroll            |     6 |       ||     6
       Potion            |       |     1 ||     1
  Eat: Chunk             |    13 |     8 ||    21
Armor: Robe              |    49 |    30 ||    79
Dodge: Dodged            |    71 |    27 ||    98
